 Dungeon Crawl Stone Soup version 0.29.1-13-g9f3cf754e1 (webtiles) character file.

Game seed: 5150782359679342056

927 Thatpatchoflichen the Poker (level 7, 0/63 HPs)
             Began as a White Draconian Gladiator on Feb 1, 2023.
             Was an Initiate of Ru.
             Slain by a kobold
             ... wielding a +0 club
              (4 damage)
             ... in a sewer.
             The game lasted 00:11:56 (5004 turns).

Thatpatchoflichen the Poker (DrGl)                  Turns: 5004, Time: 00:11:56

Health: 0/63       AC:  7    Str: 19    XL:     7   Next: 85%
Magic:  7/7        EV: 14    Int:  8    God:    Ru [......]
Gold:   180        SH:  0    Dex: 12    Spells: 6/6 levels left

rFire   . . .      SeeInvis .   r - +0 halberd
rCold   + . .      Faith    .   (shield currently unavailable)
rNeg    . . .      Spirit   .   (body armour unavailable)
rPois   .          Reflect  .   b - +0 hat
rElec   .          Harm     .   x - +0 cloak
rCorr   .          Rampage  .   (no gloves)
Will    .....                   (no boots)
Stlth   +.........              u - amulet of magic regeneration
HPRegen 0.20/turn               (no ring)
MPRegen 0.50/turn               (no ring)

@: no status effects
A: breathe frost, AC +6, unfitting armour, cold resistance 1, cold-blooded
a: Breathe Frost, Renounce Religion


You were in a sewer.
You worshipped Ru.
Ru was noncommittal.
You visited 1 branch of the dungeon, and saw 5 of its levels.
You also visited: Sewer.

You collected 180 gold pieces.

Inventory:

Hand Weapons
 a - a +0 trident
 r - a +0 halberd (weapon)
Missiles
 c - 3 throwing nets (quivered)
 d - a javelin
 A - 6 poisoned darts
Armour
 b - a +0 hat (worn)
 x - a +0 cloak (worn)
Jewellery
 u - an amulet of magic regeneration (around neck)
 y - an amulet of faith
 z - a ring of flight
Scrolls
 h - 2 scrolls of magic mapping {unknown}
 i - 4 scrolls of teleportation {unknown}
 j - 2 scrolls of torment {unknown}
 k - 2 scrolls of vulnerability {unknown}
 l - 4 scrolls of identify {unknown}
 o - a scroll of amnesia {unknown}
 p - a scroll of enchant weapon {unknown}
 w - 2 scrolls of poison {unknown}
Potions
 e - 2 potions of magic {unknown}
 f - 3 potions of curing {unknown}
 g - a potion of brilliance {unknown}
 m - a potion of ambrosia {unknown}
 n - 2 potions of heal wounds {unknown}
 q - 3 potions of might {unknown}
 s - a potion of flight {unknown}
 t - a potion of cancellation {unknown}
 v - a potion of haste


   Skills:
 - Level 6.0 Fighting
 - Level 6.0 Polearms
 - Level 1.7 Throwing
 + Level 5.5 Dodging


You had 6 spell levels left.
You didn't know any spells.
Your spell library contained the following spells:

 Spells                   Type           Power      Damage    Failure   Level
 Static Discharge         Conj/Air       0%         3-3/arc   54%         2
 Dispel Undead            Necr           0%         3d6       99%         4
 Sticky Flame             Conj/Fire      0%         2d3       99%         4


Dungeon Overview and Level Annotations

Branches:
Dungeon (5/15)              Sewer (1/1)
 Temple: D:4-7

Altars:
Fedhas
Gozag
Kikubaaqudgha
Nemelex Xobeh
Ru
Sif Muna
Xom

Annotations:
D:4 1 transporter, buriedalive's ghost, amateur DEIE Sewer Grinder


Innate Abilities, Weirdness & Mutations

You can breathe waves of freezing cold which knock back foes.
Your icy white scales are hard. (AC +6)
You cannot fit into any form of body armour.
Your flesh is cold resistant. (rC+)
You are cold-blooded and may be slowed by cold attacks.


Message History

The kobold seems to speed up.
Reach: r) +0 halberd
Press: ? - help, Dir - move target, f/p - Grinder
Aim: Grinder (lightly wounded, about 47% to evade your +0 halberd)
You hit Grinder but do no damage.
Your tail-slap misses Grinder.
Grinder is lightly wounded.
The ufetubus completely misses you.
The ufetubus hits you but does no damage.
Grinder hits you but does no damage. The ufetubus barely misses you.
The ufetubus hits you but does no damage.
The kobold hits you with a +0 short sword.
* * * LOW HITPOINT WARNING * * *
You slash the ufetubus!
You kill the ufetubus!
Grinder barely misses you. The kobold barely misses you. The kobold misses you.
Grinder hits you but does no damage.
You hit the kobold but do no damage. The kobold barely misses you.
The kobold hits you with a +0 club.
* * * LOW HITPOINT WARNING * * *
Grinder hits you!
* * * LOW HITPOINT WARNING * * *
The kobold hits you but does no damage.
You hit Grinder. You tail-slap Grinder.
Grinder is moderately wounded.
The kobold barely misses you. The kobold hits you with a +0 club.
* * * LOW HITPOINT WARNING * * *
Grinder hits you but does no damage. The kobold misses you.
Grinder gestures at you. You resist with significant effort.
The kobold hits you with a +0 club.
* * * LOW HITPOINT WARNING * * *
The kobold attacks as you move away! The kobold hits you but does no damage.
The kobold hits you with a +0 club.
* * * LOW HITPOINT WARNING * * *
The kobold attacks as you move away! The kobold completely misses you.
The kobold closely misses you. The kobold attacks as you move away!
The kobold barely misses you.
The kobold throws a poisoned dart.
The poisoned dart closely misses you.
Grinder blinks!
The kobold hits you but does no damage. The kobold hits you with a +0 club.
You die...

#~.)K.~≈≈≈≈≈≈≈≈≈≈≈≈≈#.~≈#
#≈~)#K~≈≈≈≈≈≈≈≈≈≈≈≈≈#.~~#
#~≈K#K≈≈≈≈≈≈≈≈≈≈≈≈≈≈#.~~#
#~.K#5≈≈~≈≈≈≈≈≈≈≈≈≈≈#.~≈#
#~..#.)≈≈≈≈≈≈≈≈≈≈≈≈≈#.~≈#
#≈~.#.K.≈≈≈≈≈≈~≈≈≈≈ #.~≈#
##)####.#~###~≈#≈####.≈≈#
#...#≈≈.K...).......#.~≈#
b'...≈≈≈≈.@............~≈#
..#...#≈≈.............#.≈≈#
§..###.
###.###≈##≈##≈####~## ...
#≈~ ....~≈≈≈≈≈≈≈≈≈~≈~~~# ''
#≈≈ #..≈≈≈≈≈≈≈≈≈≈≈≈≈≈~~~#
#.~~≈≈≈≈≈≈≈≈≈≈≈≈≈~~~#
#.~≈≈≈≈≈≈≈≈≈≈≈≈≈≈~≈≈# #.~~
≈≈≈≈≈≈≈≈≈≈~≈# ≈≈≈≈≈≈≈≈≈#


You could see Grinder and 4 kobolds.

Vanquished Creatures
  A black bear (D:5)
  2 ogres (D:4)
  A kobold brigand (Sewer)
  A necrophage (D:5)
  2 scorpions
  3 vampire bats (D:3)
  A jelly (D:5)
  An orc wizard (D:2)
  7 adders
  A gnoll (D:3)
  A shadow imp (Sewer)
  4 ufetubi (Sewer)
  A worm (D:2)
  2 dart slugs
  11 orcs
  8 ball pythons
  3 bat skeletons (D:3)
  3 bat zombies (D:3)
  7 endoplasms
  8 giant cockroaches
  12 hobgoblins
  4 jackals (D:2)
  14 kobolds
  5 quokkas
  10 bats
  4 frilled lizards
  A giant cockroach zombie (Sewer)
  7 goblins
  A kobold zombie (Sewer)
  5 rats
131 creatures vanquished.

Notes
Turn   | Place    | Note
-------+----------+-------------------------------------------
     0 | D:1      | Thatpatchoflichen the Draconian Gladiator began the quest
                  | for the Orb.
     0 | D:1      | Reached XP level 1. HP: 17/17 MP: 1/1
   110 | D:1      | Reached XP level 2. HP: 24/25 MP: 2/2
   604 | D:1      | Reached XP level 3. HP: 10/30 MP: 3/3
  1579 | D:2      | Reached XP level 4. HP: 38/38 MP: 4/4
  1587 | D:2      | Found a faded altar of an unknown god.
  2394 | D:3      | Reached XP level 5. HP: 18/46 MP: 5/5
  3153 | D:3      | Found a blossoming altar of Fedhas.
  3646 | D:3      | Found an ancient bone altar of Kikubaaqudgha.
  3658 | D:3      | Reached XP level 6. HP: 45/52 MP: 6/6
  4183 | D:4      | Noticed buriedalive's ghost (amateur DEIE)
  4184 | D:4      | Found a transporter.
  4211 | D:4      | Identified the +9 dire flail of the Delightful God {holy,
                  | rC+ MP+9}
  4395 | D:4      | Reached skill level 5 in Polearms
  4598 | D:4      | Found a sparkling altar of Nemelex Xobeh.
  4622 | D:4      | Reached skill level 5 in Fighting
  4622 | D:4      | Your scales start taking on an icy white colour.
  4622 | D:4      | Reached XP level 7. HP: 56/61 MP: 7/7
  4622 | D:4      | Gained mutation: Your flesh is cold resistant. (rC+) [White
                  | Draconian growth]
  4636 | D:5      | Entered Level 5 of the Dungeon
  4639 | D:5      | Reached skill level 5 in Dodging
  4650 | D:5      | Found an opulent altar of Gozag.
  4650 | D:5      | Found a shimmering altar of Xom.
  4670 | D:5      | Found a shimmering blue altar of Sif Muna.
  4670 | D:5      | Found a sacrificial altar of Ru.
  4682 | D:5      | Became a worshipper of Ru the Awakened
  4726 | D:5      | Found a glowing drain.
  4745 | Sewer    | Entered a sewer
  4950 | Sewer    | Noticed Grinder
  4971 | Sewer    | Paralysed by Grinder for 3 turns
  4998 | Sewer    | HP: 3/63 [kobold/+0 club (3)]
  5004 | Sewer    | Slain by a kobold

Illustrated notes

Levels and vault maps discovered:
D:1:      dpeg_arrival_yet_another_circle, layout_basic
D:2:      layout_loops_cross, dreamdust_ecumenical_altar_statues
D:3:      minmay_chambers_of_threes, layout_basic, kennysheep_vampire_church,
          mainiacjoe_overflow_24_doors, kennysheep_generic_room_5
D:4:      layout_loops_ring, mainiacjoe_overflow_brackets,
          gammafunk_ghost_smash, uniq_crazy_yiuf_cottage, uniq_pikel
D:5:      layout_cave_pools, mainiacjoe_overflow_small_starburst,
          grunt_temple_overflow_open, portal_sewer_entry_f
Sewer:    kennysheep_sewer_church

Skill      XL: |  1  2  3  4  5  6  7 |
---------------+----------------------+-----
Dodging        | 3 4 5 |  5.5
Fighting       | 3 4 5 6 |  6.0
Polearms       | 4 5 6 |  6.0
Throwing       | |  1.7

Action                   |  1- 3 |  4- 6 |  7- 9 || total
-------------------------+-------+-------+-------++-------
Melee: Trident           |   140 |    52 |       ||   192
       Tailslap          |    15 |    19 |     9 ||    43
       Punch             |     1 |     2 |       ||     3
       Halberd           |       |   122 |   116 ||   238
 Abil: Breathe Frost     |       |       |     2 ||     2
 Stab: Sleeping          |     2 |       |     1 ||     3
Armor: Skin              |    55 |   103 |    90 ||   248
Dodge: Dodged            |   103 |   144 |   173 ||   420
